 Dungeon Crawl Stone Soup version 0.14-a0-1765-g49ce880 (webtiles) character file.

888 M4edhros the Hoplite (level 7, -12/46 HPs)
             Began as an Octopode Fighter on Jan 5, 2014.
             Killed from afar by an ice beast (27 damage)
             ... with an exploding inner flame
             ... on Level 5 of the Dungeon.
             The game lasted 00:06:28 (4316 turns).

M4edhros the Hoplite (Octopode Fighter)             Turns: 4316, Time: 00:06:28

HP -12/46        AC  1     Str 15      XL: 7   Next: 81%
MP   7/7         EV 15     Int 13      God:
Gold 125         SH 22     Dex 11      Spells:  0 memorised,  6 levels left

rFire  . . .     SeeInvis .     a - +0 trident (curse)
rCold  . . .     Clarity  .     c - +0 shield (curse)
rNeg   . . .     Conserve .     (helmet restricted)
rPois  .         rCorr    .     (no amulet)
rElec  .         rRot     .     u - +4 ring of evasion
SustAb . .       Spirit   .     (no ring)
rMut   .         Warding  .     (no ring)
Saprov . . .     Stasis   .     (no ring)
                                (no ring)
                                (no ring)
                                (no ring)
                                (no ring)

@: slightly resistant to hostile enchantments, fairly stealthy
A: almost no armour, amphibious, 8 rings, constrict 8, camouflage 1, gelatinous
body 1
a: no special abilities


You were on level 5 of the Dungeon.
You were near starving.

You visited 1 branch of the dungeon, and saw 5 of its levels.

You collected 167 gold pieces.
You spent 42 gold pieces at shops.

Inventory:

Hand weapons
 a - a cursed +0,+0 trident (weapon)
Armour
 c - a cursed +0 shield (worn)
 x - a +0 orcish shield
Magical devices
 w - a wand of frost (17)
Comestibles
 d - 3 bread rations
 f - a beef jerky
 h - a meat ration
Scrolls
 e - a scroll of recharging
 g - 2 scrolls of enchant weapon II
 i - a scroll of magic mapping
 n - a scroll of identify
 p - 2 scrolls of curse jewellery
 r - a scroll of remove curse
Jewellery
 o - an uncursed ring of teleportation
 u - a +4 ring of evasion (left tentacle)
Potions
 b - a potion of agility


   Skills:
 - Level 3.0 Fighting
 - Level 2.0 Polearms
 - Level 3.0 Dodging
 + Level 9.0 Shields


You had 6 spell levels left.
You didn't know any spells.

Dungeon Overview and Level Annotations

Branches:
Dungeon (5/16)
 Temple: D:4-7

Altars:

Shops:
D:4 ?


Innate Abilities, Weirdness & Mutations

You cannot wear most types of armour.
You are amphibious.
You can wear up to eight rings at the same time.
You can use your tentacles to constrict many enemies at once.
Your skin changes colour to match your surroundings (Stlth).
Your rubbery body absorbs attacks (AC +1).


Message History

Aim: an orc, wielding an orcish mace and wearing an orcish leather armour (inner flame)
The puff of frost misses the orc.
The puff of frost hits the centaur.
The centaur is severely wounded.
You block the orc's attack.
Drink which item? (? for menu, Esc to quit)
You feel much better.
The centaur unwields an uncursed bow.
You block the centaur's attack. The orc closely misses you.
You puncture the centaur!
The centaur explodes!
The fiery explosion engulfs you!
Ouch! That really hurt!
The fiery explosion engulfs the orc.
The orc explodes!
The fiery explosion engulfs the ice beast.
The ice beast melts!
The ice beast explodes!
The fiery explosion engulfs you!
Ouch! That really hurt!
You die...

##############
#####.............
#...#.############ #...#.#
#...#.#
##########§§§#.############
#>......§§§§§'.............
#.########@§o#.############
#.# #[..#.# #.# #####.# #.#
#.# #.# *********#'#* #.#
*,.I........# #.#
*,..........# #.#
*...........#
#%###...........#


You could see an orc priest (inner flame).

Vanquished Creatures
  Menkaure (D:4)
  An ogre (D:4)
  A giant slug (D:5)
  3 crimson imps
  An iguana (D:4)
  A giant frog zombie (D:5)
  A scorpion (D:4)
  2 orc priests (D:4)
  4 worker ants (D:4)
  7 adders
  A giant centipede (D:5)
  An inept feature mimic (D:4)
  2 giant geckos
  2 orcs (D:4)
  3 giant cockroaches
  8 goblins
  8 hobgoblins
  4 jackals (D:1)
  A quokka (D:5)
  A ball python (D:5)
  8 bats
  6 giant newts
  A goblin skeleton (D:4)
  10 kobolds
  8 rats
86 creatures vanquished.

Notes
Turn   | Place    | Note
--------------------------------------------------------------
     0 | D:1      | M4edhros, the Octopode Fighter, began the quest for the Orb.
     0 | D:1      | Reached XP level 1. HP: 16/16 MP: 1/1
    76 | D:1      | Reached XP level 2. HP: 21/21 MP: 2/2
   246 | D:1      | Reached skill level 4 in Shields
   251 | D:1      | Reached XP level 3. HP: 23/26 MP: 3/3
   850 | D:2      | Reached XP level 4. HP: 31/31 MP: 4/4
   939 | D:4      | Reached skill level 5 in Shields
  1283 | D:4      | Reached XP level 5. HP: 22/36 MP: 5/5
  1538 | D:4      | Found a staircase to the Ecumenical Temple.
  1554 | D:4      | Reached skill level 6 in Shields
  1561 | D:4      | the staircase to the Ecumenical Temple was a mimic.
  1753 | D:4      | Found Smoad's Magic Scroll Shop.
  1855 | D:4      | Bought a scroll of fear for 42 gold pieces
  2095 | D:4      | Reached XP level 6. HP: 22/42 MP: 6/6
  2236 | D:4      | Noticed an ogre
  2452 | D:4      | Reached skill level 7 in Shields
  2830 | D:4      | Noticed Menkaure
  2838 | D:4      | HP: 1/42 [Menkaure (9)]
  2841 | D:4      | Killed Menkaure
  2841 | D:4      | Reached XP level 7. HP: 2/46 MP: 7/7
  3245 | D:4      | Killed an ogre
  3245 | D:4      | Reached skill level 8 in Shields
  3390 | D:5      | Entered Level 5 of the Dungeon
  3907 | D:5      | Reached skill level 9 in Shields
  4316 | D:5      | Killed from afar by an ice beast

Action                   |  1- 3 |  4- 6 |  7- 9 || total
-------------------------+-------+-------+-------++-------
Melee: Trident           |    70 |    93 |   100 ||   263
Evoke: Wand              |       |       |     3 ||     3
  Use: Scroll            |     1 |     1 |    10 ||    12
       Potion            |       |     8 |     4 ||    12
 Stab: Sleeping          |     3 |     4 |     1 ||     8
